 Dungeon Crawl Stone Soup version 0.23-a0-808-gd21de94 (webtiles) character file.

42 tidbits the Thaumaturge (level 3, -1/31 HPs)
             Began as a Gnoll Wanderer on Jan 20, 2019.
             Slain by a worker ant (3 damage)
             ... on level 4 of the Dungeon.
             The game lasted 00:05:34 (564 turns).

tidbits the Thaumaturge (Gnoll Wanderer)             Turns: 564, Time: 00:05:35

Health: -1/31      AC:  8    Str: 18    XL:     3   Next: 54%
Magic:  13/13      EV: 10    Int: 14    God:
Gold:   63         SH:  0    Dex: 14    Spells: 16/20 levels left

rFire    . . .     SeeInvis .   j - -1 trident (curse)
rCold    . . .     Gourm    .   (no shield)
rNeg     . . .     Faith    .   B - +0 ring mail
rPois    .         Spirit   .   (no helmet)
rElec    .         Reflect  .   C - +1 cloak
rCorr    .         Harm     .   G - +0 pair of gloves
MR       .....                  (no boots)
Stlth    +.........             (no amulet)
HPRegen  0.10/turn              c - +3 ring of strength
MPRegen  0.13/turn              (no ring)

@: lethally poisoned (-1 -> -12)
A: distributed training, fangs 1, strong nose
a: no special abilities


You were on level 4 of the Dungeon.
You were full.

You visited 1 branch of the dungeon, and saw 4 of its levels.

You collected 63 gold pieces.

Inventory:

Hand Weapons
 a - a +2 dagger
 b - a +0 hunting sling
 j - a cursed -1 trident (weapon)
Missiles
 d - 34 sling bullets
 h - 42 arrows
Armour
 B - a +0 ring mail (worn)
 C - a +1 cloak (worn)
 G - a +0 pair of gloves (worn)
Jewellery
 c - a +3 ring of strength (left hand)
   (You found it on level 2 of the Dungeon)
Scrolls
 k - a scroll of immolation
Potions
 e - 2 potions of curing
 g - a potion of lignification {unknown}
 i - 3 potions of heal wounds
Comestibles
 f - 2 rations


   Skills:
 + Level 4.5 Fighting
 + Level 0.8 Short Blades
 + Level 0.8 Long Blades
 + Level 0.8 Axes
 + Level 0.8 Maces & Flails
 + Level 0.8 Polearms
 + Level 0.8 Staves
 + Level 0.8 Slings
 + Level 0.8 Bows
 + Level 0.8 Crossbows
 + Level 0.8 Throwing
 + Level 2.6 Armour
 + Level 0.8 Dodging
 + Level 2.4 Stealth
 + Level 2.6 Shields
 + Level 0.8 Unarmed Combat
 + Level 9.3 Spellcasting
 + Level 0.5 Conjurations
 + Level 0.5 Hexes
 + Level 0.5 Charms
 + Level 0.5 Summonings
 + Level 0.5 Necromancy
 + Level 0.5 Translocations
 + Level 2.1 Transmutations
 + Level 0.5 Fire Magic
 + Level 0.5 Ice Magic
 + Level 0.5 Air Magic
 + Level 0.5 Earth Magic
 + Level 0.5 Poison Magic
 + Level 1.0 Invocations
 + Level 0.8 Evocations


You had 16 spell levels left.
You knew the following spells:

 Your Spells              Type           Power        Failure   Level  Hunger
i - Infusion              Chrm           #...         16%         1    None
r - Regeneration          Chrm/Necr      #.........   43%         3    #......

Your spell library contained the following spells:

 Spells                   Type           Power        Failure   Level  Hunger


Dungeon Overview and Level Annotations

Branches:
Dungeon (4/15)
 Temple: D:4-7

Altars:
Dithmenos
Gozag
Sif Muna
Uskayaw
Wu Jian
Yredelemnul


Innate Abilities, Weirdness & Mutations

Your experience applies equally to all skills.
You have very sharp teeth.
Your uncanny sense of smell can sniff out nearby items.


Message History

The quokka barely misses you.
You hit the quokka.
You kill the quokka!
You see here 4 gold pieces.
You now have 63 gold pieces (gained 4).
Found 16 arrows.
Found a potion of heal wounds.
Unknown command.
Found a stone staircase leading down.
You see here a potion of heal wounds.
Unknown command.
i - 3 potions of heal wounds (gained 1)
Found 5 gold pieces.
You see here 16 arrows.
h - 42 arrows (gained 16)
There is a stone staircase leading down here.
You open the door.
There is an open door here.
You open the door. You open the door.
Found a scroll labeled HIR XA QYSU.
Unknown command.
There is an open door here.
You see here a scroll labeled HIR XA QYSU.
As you read the scroll labeled HIR XA QYSU, it crumbles to dust.
The air around you briefly surges with heat, but it dissipates.
It was a scroll of immolation.
There is an open door here.
There is an open door here.
There is a stone staircase leading down here.
You climb downwards.
A worker ant comes into view.
Found a runed hand crossbow.
Found four altars.
There is a stone staircase leading up here.
Unknown command.
Unknown command.
Unknown command.
Found 14 gold pieces.
Found an opulent altar of Gozag.
Unknown command.
You see here 2 gold pieces.
You see here a gold piece.
You see here 2 gold pieces.
The worker ant twitches its antennae in your direction.
Found a ration.
Your ring mail prevents you from hitting the worker ant.
The worker ant barely misses you.
You puncture the worker ant!
The worker ant is moderately wounded.
The worker ant bites you but does no damage.
The worker ant closely misses you.
You closely miss the worker ant.
The worker ant is moderately wounded.
The worker ant bites you.
You barely miss the worker ant.
The worker ant is moderately wounded.
The worker ant bites you.
The worker ant bites you but does no damage.
You closely miss the worker ant.
You bite the worker ant, but do no damage.
The worker ant is moderately wounded.
The worker ant bites you!
You hit the worker ant.
The worker ant is heavily wounded.
The worker ant bites you. x2
* * * LOW HITPOINT WARNING * * *
You are poisoned.
The worker ant poisons you!
You hit the worker ant but do no damage.
The worker ant is heavily wounded.
You feel sick.
The worker ant bites you but does no damage.
You puncture the worker ant!
The worker ant is almost dead.
You feel sick. The worker ant bites you.
* * * LOW HITPOINT WARNING * * *
The worker ant bites you but does no damage.
You hit the worker ant. Your bite misses the worker ant.
The worker ant is almost dead.
You feel sick. The worker ant closely misses you.
You barely miss the worker ant.
You bite the worker ant, but do no damage.
The worker ant is almost dead.
You feel sick. The worker ant barely misses you. x2
You hit the worker ant but do no damage.
Your bite misses the worker ant.
The worker ant is almost dead.
The worker ant bites you but does no damage.
Okay, then.
You closely miss the worker ant. Your bite misses the worker ant.
The worker ant is almost dead.
You feel sick. The worker ant bites you.
* * * LOW HITPOINT WARNING * * *
You are lethally poisoned!
The worker ant poisons you! The worker ant bites you.
* * * LOW HITPOINT WARNING * * *
You hit the worker ant but do no damage.
The worker ant is almost dead.
* * * LOW HITPOINT WARNING * * *
You feel sick. The worker ant bites you.
You die...

##... .#
...#. .#
#...###.# .
#......#
..#)._...#
...._8_..#
.%..._.a#
#....@#####
#.........#
#..####.#.#
#<.###$$$.#
#....#$_$.#
#.##.#$$$##
#.......##
####.####
#.#


You could see a worker ant.

Vanquished Creatures
  3 dart slugs (D:1)
  3 leopard geckos (D:1)
  3 giant cockroaches
  6 goblins
  2 hobgoblins (D:1)
  A quokka (D:3)
  A ball python (D:3)
  5 bats
  2 frilled lizards
  A kobold (D:1)
  5 rats
32 creatures vanquished.

Notes
Turn   | Place    | Note
-------+----------+-------------------------------------------
     0 | D:1      | Reached skill level 9 in Spellcasting
     0 | D:1      | tidbits the Gnoll Wanderer began the quest for the Orb.
     0 | D:1      | tidbits set off with the following items: a +2 dagger, a
                  | potion of heal wounds, a +0 ring mail, a ration; and the
                  | following spell memorised: Infusion; and the following
                  | spells available to memorise: Regeneration
     0 | D:1      | Reached XP level 1. HP: 20/20 MP: 10/10
    56 | D:1      | Reached skill level 2 in Transmutations
    60 | D:1      | Reached XP level 2. HP: 20/26 MP: 12/12
   158 | D:1      | Reached XP level 3. HP: 27/31 MP: 13/13
   163 | D:1      | Learned a level 3 spell: Regeneration
   469 | D:3      | Reached skill level 1 in Invocations
   484 | D:3      | Found a shadowy altar of Dithmenos.
   541 | D:4      | Found a basalt altar of Yredelemnul.
   541 | D:4      | Found a hide-covered altar of Uskayaw.
   541 | D:4      | Found an ornate altar of the Wu Jian Council.
   541 | D:4      | Found a deep blue altar of Sif Muna.
   545 | D:4      | Found an opulent altar of Gozag.
   563 | D:4      | HP: 3/31 [worker ant (5)]
   564 | D:4      | Slain by a worker ant

Vault maps used:
D:1:      dpeg_arrival_shrine
D:2:      kennysheep_vampire_church, zin_treasury
D:3:      nicolae_dithmenos_through_a_glass_darkly, nicolae_ru_path_of_blood,
          uniq_jessica
D:4:      nicolae_gozag_seed_capital, old_standard_altar,
          chequers_temple_overflow_statue_of_worship

Skill      XL: |  1  2  3 |
---------------+----------+-----
Spellcasting   | |  9.3
Transmutations | 2 |  2.1
Invocations    | 1 |  1.0
Fighting       | |  4.5
Short Blades   | |  0.8
Long Blades    | |  0.8
Axes           | |  0.8
Maces & Flails | |  0.8
Polearms       | |  0.8
Staves         | |  0.8
Slings         | |  0.8
Bows           | |  0.8
Crossbows      | |  0.8
Throwing       | |  0.8
Armour         | |  2.6
Dodging        | |  0.8
Stealth        | |  2.4
Shields        | |  2.6
Unarmed Combat | |  0.8
Conjurations   | |  0.5
Hexes          | |  0.5
Charms         | |  0.5
Summonings     | |  0.5
Necromancy     | |  0.5
Translocations | |  0.5
Fire Magic     | |  0.5
Ice Magic      | |  0.5
Air Magic      | |  0.5
Earth Magic    | |  0.5
Poison Magic   | |  0.5
Evocations     | |  0.8

Action                   || total
-------------------------++-------
Melee: Dagger            ||    75
       Bite              ||    11
       Trident           ||    30
  Use: Scroll            ||     4
 Stab: Sleeping          ||     2
  Eat: Ration            ||     1
Armor: Ring mail         ||    40
Dodge: Dodged            ||    52

Table legend:
 A = Non-vault XP
 B = Vault XP
 C = Vault XP percentage of total XP
 D = Non-vault monster count
 E = Vault monster count
 F = Vault count percentage of total count
                 A         B        C        D         E       F
            +---------+---------+-------+---------+---------+-------
      Total |      60 |       0 |   0.0 |      32 |       0 |   0.0
            +---------+---------+-------+---------+---------+-------
        D:1 |      48 |       0 |   0.0 |      24 |       0 |   0.0
        D:2 |       7 |       0 |   0.0 |       5 |       0 |   0.0
        D:3 |       5 |       0 |   0.0 |       3 |       0 |   0.0
            +---------+---------+-------+---------+---------+-------

Table legend:
 A = Turns spent in this place as a percentage of turns spent in the entire game.
 B = Non-inter-level travel turns spent in this place as a percentage of non-inter-level travel turns spent in the entire game.
 C = Inter-level travel turns spent in this place as a percentage of turns spent in this place.
 D = Turns resting spent in this place as a percentage of non-inter-level travel turns spent in this place.
 E = Turns spent auto-exploring this place as a percentage of non-inter-level travel turns spent in this place.
 F = Non-inter-level travel turns spent in this place divided by the number of levels of this place that you've seen.
                   A       B       C       D       E      F
               +-------+-------+-------+-------+-------+----------------------
         Total | 100.0 | 100.0 |   3.4 |   0.0 |   0.0 | 136.2
       Dungeon | 100.0 | 100.0 |   3.4 |   0.0 |   0.0 | 136.2
               +-------+-------+-------+-------+-------+----------------------

Table legend:
 A = Kills in this place as a percentage of kills in entire the game.
 B = Kills by you in this place as a percentage of kills by you in the entire game.
 C = Kills by friends in this place as a percentage of kills by friends in the entire game.
 D = Other kills in this place as a percentage of other kills in the entire game.
 E = Experience gained in this place as a percentage of experience gained in the entire game.
 F = Experience gained in this place divided by the number of levels of this place that you have seen.
                   A       B       C       D       E      F
               +-------+-------+-------+-------+-------+----------------------
         Total | 100.0 | 100.0 |   N/A |   N/A | 100.0 |  15.0
       Dungeon | 100.0 | 100.0 |   N/A |   N/A | 100.0 |  15.0
               +-------+-------+-------+-------+-------+----------------------

Vault maps used:
D:1:      dpeg_arrival_shrine
D:2:      kennysheep_vampire_church, zin_treasury
D:3:      nicolae_dithmenos_through_a_glass_darkly, nicolae_ru_path_of_blood,
          uniq_jessica
D:4:      nicolae_gozag_seed_capital, old_standard_altar,
          chequers_temple_overflow_statue_of_worship
